AoeStats
← Slayer

Marketplace

506005107Analyzed
1v1 RM · 21d ago on Sep 12, 2026· 22m 30s· 2 players
Game mode
Random Map
Map size
Tiny (2 player)
Population
200
Speed
Normal
Resources
Standard
Victory
Conquest
Starting age
Dark Age
Ending age
Imperial Age
RankedLock teamsTeams togetherTeam positionsShared explorationLock speedFull tech treeHidden civsTurbo modeCheats
Victory
Defeat
🇬🇧 Tatars · United Kingdom
574
+17
🇨🇦 Gurjaras · Canada
593
-17
[ART] Amnesia
6:59 Loom
10:13 Feudal Age
14:42 Horse Collar
19:55 Castle Age
20:35 Double-Bit Axe
Slayer
12:56 Loom
15:19 Feudal Age
16:03 Double-Bit Axe
16:01 Horse Collar
18:59 Man-at-Arms
Connection lost

Rejoining the realm…

Still unreachable

The connection could not be restored.

Session expired

The server has moved on; the page needs a fresh start.